 Dungeon Crawl Stone Soup version 0.27-a0-1312-g5cdb2b3542 (webtiles) character file.

Game seed: 12650440562003443398

109 Demosthentine the Poker (level 4, 0/35 HPs)
             Began as a Merfolk Gladiator on June 20, 2021.
             Succumbed to an adder's poison
             ... on level 2 of the Dungeon.
             The game lasted 00:01:06 (1436 turns).

Demosthentine the Poker (Merfolk Gladiator)         Turns: 1436, Time: 00:01:06

Health: 0/35       AC:  5    Str: 15    XL:     4   Next: 89%
Magic:  4/4        EV: 13    Int:  7    God:
Gold:   38         SH:  0    Dex: 15    Spells: 3/3 levels left

rFire    + . .     SeeInvis .   a - +0 trident
rCold    . . .     Faith    .   (no shield)
rNeg     . . .     Spirit   .   b - +0 leather armour
rPois    .         Reflect  .   c - +0 helmet
rElec    .         Harm     .   (no cloak)
rCorr    .         Rampage  .   h - +0 pair of gloves
Will     .....                  (no boots)
Stlth    +.........             (no amulet)
HPRegen  0.11/turn              i - ring of protection from fire
MPRegen  0.09/turn              (no ring)

@: lethally poisoned (0 -> -3)
A: (nimble swimmer 2), mertail
a: no special abilities


You were on level 2 of the Dungeon.
You visited 1 branch of the dungeon, and saw 2 of its levels.

You collected 38 gold pieces.

Inventory:

Hand Weapons
 a - a +0 trident (weapon)
Missiles
 d - 3 throwing nets (quivered)
Armour
 b - a +0 leather armour (worn)
 c - a +0 helmet (worn)
 h - a +0 pair of gloves (worn)
Jewellery
 i - a ring of protection from fire (left hand)


   Skills:
 + Level 3.2 Fighting
 + Level 5.5 Polearms
 - Level 2.0 Throwing
 + Level 1.4 Armour
 + Level 4.9 Dodging


You had 3 spell levels left.
You didn't know any spells.
Your spell library contained the following spells:

 Spells                   Type           Power      Damage    Failure   Level
 Animate Skeleton         Necr           0%         N/A       50%         1
 Corona                   Hex            0%         N/A       50%         1
 Magic Dart               Conj           0%         1d3       50%         1
 Pain                     Necr           0%         1d4       50%         1
 Blink                    Tloc           N/A        N/A       65%         2
 Call Imp                 Summ           0%         N/A       65%         2
 Ensorcelled Hibernation  Hex/Ice        0%         N/A       65%         2
 Slow                     Hex            0%         N/A       65%         2
 Confusing Touch          Hex            0%         N/A       86%         3
 Conjure Flame            Conj/Fire      0%         6-21      86%         3
 Dazzling Flash           Conj/Hex       0%         N/A       86%         3
 Mephitic Cloud           Conj/Pois/Air  0%         N/A       86%         3
 Tukima's Dance           Hex            0%         N/A       86%         3
 Vampiric Draining        Necr           0%         2d6       86%         3
 Animate Dead             Necr           0%         N/A       99%         4
 Agony                    Necr           0%         N/A       100%        5


Dungeon Overview and Level Annotations

Branches:
Dungeon (2/15)

Altars:


Innate Abilities, Weirdness & Mutations

((You are quick and stealthy near water. (Stealth+, EV+, Speed+++)))
Your lower body shifts to a powerful aquatic tail in water.


Message History

You feel sick. The adder closely misses you.
You closely miss the adder.
The adder is almost dead.
You feel sick.
You are no longer poisoned.
The adder closely misses you. The adder barely misses you.
You closely miss the adder.
The adder is almost dead.
The adder closely misses you.
You barely miss the adder.
The adder is almost dead.
The adder closely misses you.
You barely miss the adder.
The adder is almost dead.
The adder barely misses you. The adder closely misses you.
You closely miss the adder.
The adder is almost dead.
The adder bites you but does no damage.
You closely miss the adder.
The adder is almost dead.
The adder closely misses you.
You hit the adder but do no damage.
The adder is almost dead.
The adder bites you.
* * * LOW HITPOINT WARNING * * *
You are poisoned.
The adder poisons you! The adder closely misses you.
You miss the adder.
The adder is almost dead.
You feel sick. The adder bites you.
* * * LOW HITPOINT WARNING * * *
You barely miss the adder.
The adder is almost dead.
You feel sick. The adder bites you.
* * * LOW HITPOINT WARNING * * *
Unknown command.
Unknown command.
You closely miss the adder.
The adder is almost dead.
You die...

..............###..##.... #.#
######.†##....#..........##.##
..# ##.#.......######...##..#
..# #.#.........### .###.# ..#
#.##....###....# #.##
.<#####........# ###>.## #..#
..........##...# ..# ##.##
...######......#### #.# #..#
...# ##....gS@.####.#######.#
..## ....##'##....#......##.##
..... . #...####...#........#
####.. #...# ###...######## .
#...# ##..# #..w# +..# #...#
#.## #...# ..# #[$$# ..##


You could see an adder and a hobgoblin.

Vanquished Creatures
  A scorpion (D:2)
  An adder (D:2)
  A bat (D:1)
  4 endoplasms
  5 hobgoblins
  4 jackals (D:2)
  A quokka (D:1)
  5 ball pythons
  3 frilled lizards
  5 goblins
  6 kobolds
  2 rats
38 creatures vanquished.

Notes
Turn   | Place    | Note
-------+----------+-------------------------------------------
     0 | D:1      | Demosthentine the Merfolk Gladiator began the quest for the
                  | Orb.
     0 | D:1      | Reached XP level 1. HP: 16/16 MP: 1/1
   481 | D:1      | Reached XP level 2. HP: 23/23 MP: 2/2
   490 | D:1      | You fall into a shaft and drop 1 floor!
   729 | D:1      | Reached XP level 3. HP: 28/28 MP: 3/3
   804 | D:1      | Found a faded altar of an unknown god.
  1047 | D:2      | Reached skill level 5 in Polearms
  1149 | D:2      | Reached skill level 1 in Armour
  1399 | D:2      | Noticed a scorpion
  1422 | D:2      | Killed a scorpion
  1423 | D:2      | Reached XP level 4. HP: 18/35 MP: 4/4
  1435 | D:2      | HP: 1/35 [adder (4)]
  1436 | D:2      | Succumbed to an adder's poison

Illustrated notes

Levels and vault maps discovered:
D:1:      lightli_iron_boxes, layout_loops_cross,
          shapermc_ecumenical_altar_notcrosses, grunt_decor_arrowhead,
          patterned_corridor
D:2:      layout_rooms, st_stairs_1, minmay_divided_ellipse

Skill      XL: |  1  2  3 |
---------------+----------+-----
Polearms       | 5 |  5.5
Armour         | 1 |  1.4
Fighting       | 3 |  3.2
Throwing       | |  2.0
Dodging        | |  4.9

Action                   |  1- 3 |  4- 6 || total
-------------------------+-------+-------++-------
Melee: Trident           |   109 |    14 ||   123
  Use: Potion            |     3 |       ||     3
       Scroll            |     1 |       ||     1
 Stab: Sleeping          |     4 |       ||     4
Armor: Leather armour    |    29 |     1 ||    30
Dodge: Dodged            |    58 |    12 ||    70

Table legend: (Time is in decaauts)
 A = Elapsed time spent in this place.
 B = Non-inter-level travel time spent in this place.
 C = Inter-level travel time spent in this place.
 D = Time resting spent in this place.
 E = Time spent auto-exploring this place.
 F = Levels seen in this place.
 G = Mean time per level.
                   A        B        C        D        E       F      G
               +--------+--------+--------+--------+--------+-----+--------+
         Total |   1443 |   1409 |     34 |      0 |   1151 |   2 |  721.5 |
       Dungeon |   1443 |   1409 |     34 |      0 |   1151 |   2 |  721.5 |
               +--------+--------+--------+--------+--------+-----+--------+

Top non-repeatable levels by time:
     D:1: 931 daAuts
     D:2: 511 daAuts
